 Dungeon Crawl Stone Soup version 0.19.1 (webtiles) character file.

186 ChaseSP the Cudgeler (level 5, -7/41 HPs)
             Began as a Formicid Fighter on Nov 26, 2016.
             Mangled by an ogre
             ... wielding a +0 giant club
              (31 damage)
             ... on level 3 of the Dungeon.
             The game lasted 00:05:21 (1889 turns).

ChaseSP the Cudgeler (Formicid Fighter)             Turns: 1889, Time: 00:05:22

Health: -7/41      AC:  4    Str: 20    XL:     5   Next: 97%
Magic:  5/5        EV:  7    Int:  8    God:
Gold:   52         SH:  9    Dex: 11    Spells: 0 memorised, 4 levels left

rFire  . . .     SeeInvis +     a - +0 flail
rCold  . . .     Gourm    .     b - +0 scale mail
rNeg   . . .     Faith    .     c - +0 shield
rPois  .         Spirit   .     (helmet unavailable)
rElec  .         Reflect  .     (no cloak)
rCorr  +         Harm     .     (no gloves)
MR     .....                    (no boots)
Stlth  ..........               (no amulet)
                                k - -2 ring of protection (curse)
                                g - ring of resist corrosion

@: no status effects
A: permanent stasis, dig shafts and tunnels, four strong arms, antennae 3
a: Dig, Shaft Self


You were on level 3 of the Dungeon.
You were not hungry.

You visited 1 branch of the dungeon, and saw 3 of its levels.

You collected 52 gold pieces.

Inventory:

Hand Weapons
 a - a +0 flail (weapon)
Armour
 b - a +0 scale mail (worn)
 c - a +0 shield (worn)
Jewellery
 g - a ring of resist corrosion (left hand)
 k - a cursed -2 ring of protection (right hand)
Scrolls
 i - 2 scrolls of identify
Potions
 d - a potion of might
 e - 2 potions of magic
 j - 2 potions of flight
 m - a potion of ambrosia {unknown}
 o - a potion of degeneration {unknown}
Comestibles
 f - 2 bread rations
 l - a meat ration
 n - a beef jerky


   Skills:
 - Level 3.2 Fighting
 + Level 5.7 Maces & Flails
 - Level 3.2 Armour
 - Level 3.6 Shields


You had 4 spell levels left.
You didn't know any spells.

Dungeon Overview and Level Annotations

Branches:
Dungeon (3/15)

Altars:
Ashenzari
Trog
Yredelemnul


Innate Abilities, Weirdness & Mutations

You are under a permanent stasis effect.
You can dig through walls and to a lower floor.
Your four strong arms can wield two-handed weapons with a shield.
You have a pair of large antennae on your head. (SInv)


Message History

You hit the rat but do no damage. The rat bites you.
* * * LOW HITPOINT WARNING * * *
You thump the rat!
You kill the rat!
No target in view!
No target in view!
You see here a rat corpse.
You butcher the rat corpse.
h - a chunk of flesh You start resting.
Eating a chunk of flesh.
You start eating the chunk of flesh.
This raw flesh tastes terrible.
You sense a monster nearby.
An ogre comes into view. It is wielding a giant club.
You start resting.
The ogre shouts!
You hear the rapid rusting of a very distant drain.
You barely miss the ogre. The ogre hits you with a giant club!!
Ouch! That really hurt!
You die...

###..............###.#
.......##.####.......#
##......##)#........(#
##....#.#.##.........####
..........##............#
...#......##.........##.#
#..#......###+######.##.#
........................>
#.######@####.##....###.#
#O# .... #.# ... .... #..
..... #.... #.. .......
#.. ......... #..
........... ##.
#............ #. #{##.


You could see an ogre.

Vanquished Creatures
  An orc priest (D:3)
  2 orc wizards (D:3)
  4 adders
  2 worms
  A dart slug (D:3)
  3 leopard geckos
  2 orcs (D:3)
  5 giant cockroaches
  5 goblins
  7 hobgoblins
  3 jackals (D:3)
  6 kobolds
  A quokka (D:3)
  8 bats
  2 frilled lizards (D:1)
  5 rats
57 creatures vanquished.

Notes
Turn   | Place    | Note
-------+----------+-------------------------------------------
     0 | D:1      | ChaseSP the Formicid Fighter began the quest for the Orb.
     0 | D:1      | Reached XP level 1. HP: 18/18 MP: 1/1
   187 | D:1      | Reached XP level 2. HP: 22/24 MP: 2/2
   404 | D:1      | Reached skill level 3 in Maces & Flails
   602 | D:2      | Reached XP level 3. HP: 24/29 MP: 3/3
   796 | D:2      | Found a basalt altar of Yredelemnul.
   935 | D:2      | Reached skill level 4 in Maces & Flails
   935 | D:2      | Reached XP level 4. HP: 35/35 MP: 4/4
   951 | D:2      | Found a bloodstained altar of Trog.
  1562 | D:3      | Found a shattered altar of Ashenzari.
  1737 | D:3      | Reached skill level 5 in Maces & Flails
  1737 | D:3      | Reached XP level 5. HP: 17/41 MP: 5/5
  1875 | D:3      | Noticed an ogre
  1889 | D:3      | Mangled by an ogre

Skill      XL: |  1  2  3  4 |
---------------+-------------+-----
Maces & Flails | 3 4 5 |  5.7
Fighting       | |  3.2
Armour         | |  3.2
Shields        | |  3.6

Action                   |  1- 3 |  4- 6 || total
-------------------------+-------+-------++-------
Melee: Flail             |   109 |   116 ||   225
 Abil: Dig               |       |     1 ||     1
  Use: Scroll            |       |     5 ||     5
  Eat: Chunk             |       |     4 ||     4
Armor: Scale mail        |    54 |    44 ||    98
Dodge: Dodged            |    31 |    43 ||    74
Block: Shield            |    62 |    72 ||   134
